Map: Acolyte LE

Players

Bradadiah - Winner!

  • Race: Protoss Protoss
  • League: Diamond
  • Spawn Location: 7:00

Yata

  • Race: Zerg Zerg
  • League: Platinum
  • Spawn Location: 1:00

VOD

Have the link to the VOD?

Description

Time

  • Played on: Sept. 20, 2017, 1:56 p.m.
  • Length: 9:43
Show
View Real Time Build Order
Export as new Build Order

Bradadiah Protoss - Winner!

Build Orders: 1 Gate Expand, Zealot Archon 

Get SALT Encoding   

  12  0:01  Probe (Chrono Boost)  
  13  0:12  Probe (Chrono Boost)  
  14  0:17  Pylon  
  14  0:23  Probe (Chrono Boost)  
  15  0:35  Probe (Chrono Boost)  
  16  0:39  Gateway  
  16  0:46  Probe (Chrono Boost)  
  16  0:47  Assimilator  
  17  0:56  Probe (Chrono Boost)  
  18  1:07  Probe (Chrono Boost)  
  19  1:21  Nexus  
  19  1:25  Probe (Chrono Boost)  
  20  1:33  Cybernetics Core  
  20  1:36  Probe (Chrono Boost)  
  21  1:43  Assimilator  
  21  1:48  Pylon  
  21  1:53  Probe (Chrono Boost)  
  22  2:02  Warp Gate (Chrono Boost)  
  22  2:05  Probe (Chrono Boost)  
  23  2:10  Adept (Chrono Boost)  
  25  2:17  Probe  
  26  2:24  Twilight Council  
  26  2:29  Probe  
  27  2:31  Probe  
  27  2:34  Adept (Chrono Boost)  
  29  2:41  Probe  
  29  2:42  Probe  
  31  2:53  Probe x2  
  31  2:57  Adept (Chrono Boost)  
  35  3:01  Resonating Glaives (Chrono Boost)  
  35  3:06  Probe x2  
  35  3:12  Gateway  
  37  3:16  Gateway  
  37  3:18  Probe  
  38  3:27  Pylon  
  38  3:28  Adept  
  38  3:33  Probe  
  41  3:34  Pylon  
  41  3:35  Probe  
  42  3:45  Probe  
  42  3:47  Probe  
  44  4:03  Robotics Facility  
  44  4:07  Adept  
  44  4:08  Adept, Assimilator  
  48  4:11  Adept, Assimilator  
  48  4:15  Dark Shrine  
  50  4:17  Probe  
  50  4:18  Probe  
  50  4:21  Pylon  
  52  4:29  Probe  
  53  4:32  Probe  
  54  4:41  Probe  
  54  4:44  Probe  
  49  4:52  Warp Prism  
  51  4:54  Probe  
  51  4:56  Gateway, Probe  
  51  5:15  Probe x2  
  51  5:19  Nexus  
  51  5:20  Pylon  
  49  5:34  Probe x2  
  45  5:40  Immortal  
  47  5:47  Probe  
  48  5:53  Dark Templar  
  48  5:54  Dark Templar x3  
  48  5:56  Probe  
  57  5:59  Probe  
  58  6:08  Probe  
  58  6:11  Probe  
  60  6:12  Pylon  
  60  6:20  Probe  
  61  6:30  Probe  
  63  6:32  Probe  
  63  6:34  Immortal  
  65  6:49  Zealot x2  
  65  6:50  Zealot  
  65  6:53  Charge (Chrono Boost)  
  65  6:54  Mothership Core  
  71  6:55  Probe x2  
  71  6:56  Pylon  
  71  6:58  Pylon  
  75  7:01  Dark Templar  
  75  7:02  Gateway, Archon  
  75  7:04  Gateway  
  75  7:05  Archon  
  77  7:13  Immortal  
  81  7:20  Gateway, Probe  
  82  7:25  Pylon  
  82  7:27  Dark Templar  
  82  7:28  Dark Templar  
  86  7:30  Probe  
  86  7:31  Probe  
  86  7:33  Archon  
  88  7:37  Zealot x2  
  92  7:50  Gateway  
  92  7:53  Gateway  
  90  7:59  Dark Templar x3  
  90  8:03  Dark Templar  
  98  8:06  Archon  
  98  8:28  Probe  
  98  8:30  Immortal, Zealot  
  98  8:32  Archon  
  98  8:33  Probe  
  106  8:36  Assimilator  
  106  8:39  Assimilator  
  106  8:44  Pylon  
  106  8:47  Dark Templar x3, Pylon  
  106  8:48  Dark Templar  
  114  8:49  Pylon, Zealot x4  
  114  8:51  Archon  
  114  8:52  Archon  
  122  8:59  Stalker  
  122  9:00  Probe  
  122  9:01  Probe  
  122  9:02  Probe  
  123  9:21  Stalker x3  
  123  9:22  Stalker x5  
  135  9:42  Zealot  
Show
View Real Time Build Order
Export as new Build Order

Yata Zerg 

Build Orders: Hatch First 

Get SALT Encoding   

  12  0:01  Drone  
  13  0:12  Overlord  
  13  0:21  Drone  
  14  0:30  Drone  
  14  0:31  Drone  
  14  0:34  Drone  
  17  0:55  Hatchery  
  16  0:58  Drone  
  16  1:00  Drone  
  18  1:13  Extractor  
  18  1:17  Spawning Pool  
  16  1:22  Drone  
  16  1:23  Drone  
  18  1:28  Drone  
  19  1:53  Drone  
  19  1:54  Drone  
  21  2:02  Overlord  
  21  2:09  Queen  
  21  2:10  Queen  
  21  2:11  Zergling x2  
  21  2:12  Zergling x2  
  27  2:17  Metabolic Boost  
  27  2:20  Drone  
  28  2:31  Evolution Chamber  
  27  2:43  Drone x3  
  27  2:44  Drone x2  
  32  2:50  Overlord  
  32  2:56  Drone  
  33  3:05  Baneling Nest  
  33  3:12  Drone x2  
  34  3:15  Pneumatized Carapace  
  34  3:20  Drone x5  
  34  3:23  Drone  
  34  3:25  Zergling x2  
  34  3:26  Zergling x2  
  42  3:39  Zergling x2  
  42  3:40  Zergling x2  
  44  3:43  Overlord  
  44  3:44  Overlord  
  44  4:01  Queen  
  46  4:06  Baneling x4  
  46  4:10  Hatchery  
  46  4:15  Extractor, Drone x3  
  46  4:17  Drone x3  
  50  4:30  Baneling x2  
  50  4:31  Baneling  
  48  4:53  Zergling x2  
  48  4:54  Zergling x18  
  56  5:07  Zergling x2  
  56  5:08  Zergling x2  
  49  5:23  Zergling x2  
  49  5:24  Zergling x10  
  49  5:25  Zergling x2  
  46  5:36  Drone x2  
  46  5:37  Drone  
  46  5:39  Drone x2  
  50  5:44  Drone x2  
  50  5:47  Zerg Melee Weapons Level 1  
  52  5:55  Queen  
  54  5:57  Queen  
  54  5:59  Drone x6  
  62  6:05  Baneling x4  
  62  6:06  Baneling  
  56  6:26  Spine Crawler  
  56  6:30  Spore Crawler  
  56  6:32  Spore Crawler  
  47  6:43  Zergling x16  
  47  6:44  Zergling x6  
  58  6:59  Spore Crawler  
  57  7:09  Hatchery  
  56  7:23  Hatchery  
  56  7:24  Zergling x2  
  56  7:25  Zergling x8  
  60  7:30  Lair  
  60  7:31  Overlord x2  
  60  7:32  Overlord x2  
  58  7:42  Zerg Missile Weapons Level 1  
  53  8:08  Zergling x4  
  53  8:09  Zergling x20  
  52  8:30  Zergling x2  
  53  8:35  Queen  
  53  8:36  Hydralisk Den  
  53  8:40  Drone x3  
  53  8:41  Drone x5  
  59  9:10  Zergling x2  
  59  9:11  Zergling x16  
  68  9:17  Drone x2  
  68  9:21  Drone x9  
  79  9:28  Baneling  
  79  9:29  Baneling  
Tags
 
Add a new tag
Caveats
  • Supply blocks, unpowered buildings, or Contaminate may cause inaccurate times.
  • Supply counts are checked every 10 seconds.